 Dungeon Crawl Stone Soup version 0.17.2 (webtiles) character file.

445 Goblin1989 the Insei (level 6, 0/47 HPs)
             Began as a Demonspawn Monk on June 17, 2016.
             Killed by divine providence
             ... invoked by an orc priest
              (10 damage)
             ... on level 7 of the Dungeon.
             The game lasted 00:11:12 (4438 turns).

Goblin1989 the Insei (Demonspawn Monk)              Turns: 4438, Time: 00:11:12

Health: 0/47       AC:  6    Str: 14    XL:     6   Next: 72%
Magic:  6/6        EV: 12    Int: 13    God:
Gold:   111        SH:  0    Dex: 18    Spells: 0 memorised, 5 levels left

rFire  . . .     SeeInvis .       - Unarmed
rCold  + . .     Clarity  +     v - +0 ring mail
rNeg   . . .     SustAt   .     (no shield)
rPois  .         Gourm    .     (helmet restricted)
rElec  .         Spirit   .     (no cloak)
rCorr  .         Warding  .     q - +0 pair of gloves
rMut   .         Stasis   .     (no boots)
MR     .....                    s - amulet of clarity {Clar, !d}
Stlth  +.........               (no ring)
                                A - +3 ring of dexterity

@: very slightly contaminated, hasted, very quick, not resistant to hostile
enchantments, very unstealthy
A: hooves 1, horns 1, clever 1, cold resistance 1, powered by death 1, freezing
cloud immunity
a: no special abilities


You were on level 7 of the Dungeon.
You were hungry.

You visited 1 branch of the dungeon, and saw 5 of its levels.

You collected 111 gold pieces.

Inventory:

Missiles
 c - 39 arrows
 d - 13 bolts
 h - 62 stones (quivered)
 o - 19 sling bullets
Armour
 m - a +0 helmet
 q - a +0 pair of gloves (worn)
 v - a +0 ring mail (worn)
Jewellery
 s - an amulet of clarity (around neck) {Clar, !d}
 A - a +3 ring of dexterity (left hand)
 C - a cursed ring of teleportation {unknown}
Scrolls
 a - 2 scrolls of amnesia {unknown}
 g - a scroll of fear {unknown}
 k - a scroll of magic mapping {unknown}
 p - a scroll of noise {unknown}
 r - 2 scrolls of identify {unknown}
 u - 3 scrolls of remove curse {unknown}
 y - a scroll of blinking {unknown}
 D - a scroll of enchant armour {unknown}
Potions
 e - 2 potions of curing {unknown}
 f - a potion of degeneration {unknown}
 i - a potion of heal wounds {unknown}
 j - a potion of magic {unknown}
 l - 2 potions of ambrosia {unknown}
 z - a potion of poison {unknown}
 B - a potion of berserk rage {unknown}
Books
 w - a book of Unlife

   Spells                             Type                      Level
   a - Recall                         Summoning/Translocation      3
   b - Animate Dead                   Necromancy                   4
   c - Control Undead                 Necromancy                   4
   d - Cigotuvi's Embrace             Necromancy                   5
   e - Death Channel                  Necromancy                   6
   f - Simulacrum                     Ice/Necromancy               6
Comestibles
 b - 2 bread rations
 n - 4 fruits


   Skills:
 - Level 3.0 Fighting
 - Level 2.6 Dodging
 - Level 1.7 Stealth
 + Level 7.4 Unarmed Combat


You had 5 spell levels left.
You didn't know any spells.

Dungeon Overview and Level Annotations

Branches:
Dungeon (7/15)
 Temple: D:4-7

Altars:
Kikubaaqudgha

Annotations:
D:4 Goblin1989's ghost, amateur HOGl


Innate Abilities, Weirdness & Mutations

Your flesh is cold resistant.
You regenerate a little health from kills.
You are immune to freezing clouds.
You have large cloven feet.
You have a pair of small horns on your head.
Your mind is acute. (Int +2)


Message History

You are too injured to fight recklessly!
You are too injured to fight recklessly!
You are too injured to fight recklessly!
You barely miss the orc warrior.
You kick the orc warrior, but do no damage.
You closely miss the orc warrior.
The orc warrior hits you with a long sword!
* * * LOW HITPOINT WARNING * * *
The orc priest hits you but does no damage.
You take 9 damage, and have 10/47 hp.
You hit the orc warrior but do no damage.
Your headbutt misses the orc warrior. You closely miss the orc warrior.
You kick the orc warrior, but do no damage.
The orc priest barely misses you. The orc warrior barely misses you.
You closely miss the orc warrior. Your kick misses the orc warrior.
You headbutt the orc warrior, but do no damage.
The orc priest mumbles some strange prayers to Beogh against you.
Something smites you!
You die...

# ####o
#....o###
....$oo@#
#.##.##o#
#.# #..
#.. #...
#.## #.#


You could see an orc warrior, 2 orc priests, an orc wizard and an orc.

Vanquished Creatures
  A crimson imp (D:3)
  An orc priest (D:4)
  Jessica (D:2)
  4 orc wizards
  A worker ant (D:4)
  10 adders
  An ooze (D:2)
  A worm (D:3)
  5 giant geckos
  12 orcs
  A ball python (D:2)
  15 bats
  A giant cockroach (D:2)
  10 goblins
  9 hobgoblins
  19 jackals
  4 giant newts
  6 kobolds
  10 rats
112 creatures vanquished.

Notes
Turn   | Place    | Note
--------------------------------------------------------------
     0 | D:1      | Goblin1989 the Demonspawn Monk began the quest for the Orb.
     0 | D:1      | Reached XP level 1. HP: 18/18 MP: 1/1
   137 | D:1      | Reached skill level 4 in Unarmed Combat
   145 | D:1      | Gained mutation: Your flesh is cold resistant. [demonic ancestry]
   145 | D:1      | Reached XP level 2. HP: 14/24 MP: 2/2
   996 | D:1      | Reached XP level 3. HP: 26/29 MP: 3/3
  1530 | D:2      | Reached skill level 5 in Unarmed Combat
  1586 | D:2      | Gained mutation: You regenerate a little health from kills. [demonic ancestry]
  1586 | D:2      | Reached XP level 4. HP: 10/35 MP: 4/4
  2102 | D:2      | Noticed Jessica
  2142 | D:2      | Killed Jessica
  2348 | D:3      | Gained mutation: You are immune to freezing clouds. [demonic ancestry]
  2348 | D:3      | Reached XP level 5. HP: 41/41 MP: 5/5
  2547 | D:3      | Found a faded altar to an unknown god.
  2615 | D:3      | Reached skill level 6 in Unarmed Combat
  3036 | D:3      | Found an ancient bone altar of Kikubaaqudgha.
  3105 | D:3      | Reached XP level 6. HP: 36/47 MP: 6/6
  3357 | D:4      | Noticed Goblin1989's ghost (amateur HOGl)
  3616 | D:3      | Gained mutation: You have large cloven feet. [potion of mutation]
  3616 | D:3      | Gained mutation: Your mind is acute. (Int +2) [potion of mutation]
  3616 | D:3      | Gained mutation: You have a pair of small horns on your head. [potion of mutation]
  3919 | D:4      | Reached skill level 7 in Unarmed Combat
  4428 | D:4      | You fall through a shaft for 3 floors!
  4438 | D:7      | Killed from afar by an orc priest

Action                   |  1- 3 |  4- 6 || total
-------------------------+-------+-------++-------
Melee: Unarmed           |   185 |   340 ||   525
  Use: Potion            |     1 |     3 ||     4
 Stab: Sleeping          |     7 |     3 ||    10
       Distracted        |       |     1 ||     1
  Eat: Chunk             |     1 |     8 ||     9
       Fruit             |       |     3 ||     3
